 Dungeon Crawl Stone Soup version 0.24.0-123-gd5b16e6ec5 (webtiles) character file.

Game seed: 15296800427521705015, levelgen mode: deterministic

52 Bluestream the Shooter (level 3, -2/30 HPs)
             Began as a Centaur Hunter on Feb 4, 2020.
             Slain by an adder (5 damage)
             ... on level 2 of the Dungeon.
             The game lasted 00:03:09 (1529 turns).

Bluestream the Shooter (Centaur Hunter)             Turns: 1529, Time: 00:03:09

Health: -2/30      AC:  5    Str: 14    XL:     3   Next: 60%
Magic:  3/3        EV:  9    Int: 10    God:
Gold:   30         SH:  0    Dex: 10    Spells: 2/2 levels left

rFire    . . .     SeeInvis .   b - +0 short sword
rCold    . . .     Gourm    .   (no shield)
rNeg     . . .     Faith    .   c - +0 leather armour
rPois    .         Spirit   .   k - +0 helmet
rElec    .         Reflect  .   (no cloak)
rCorr    .         Harm     .   (no gloves)
MR       .....                  (no barding)
Stlth    +.........             (no amulet)
HPRegen  0.10/turn              (no ring)
MPRegen  0.08/turn              (no ring)

@: lethally poisoned (-2 -> -9), very quick
A: large, hooves 3, deformed body, speed 2, tough skin 3
a: no special abilities


You were on level 2 of the Dungeon.
You were not hungry.

You visited 1 branch of the dungeon, and saw 2 of its levels.

You collected 30 gold pieces.

Inventory:

Hand Weapons
 a - a +1 shortbow
 b - a +0 short sword (weapon)
Missiles
 d - 4 arrows
Armour
 c - a +0 leather armour (worn)
 k - a +0 helmet (worn)
Scrolls
 e - a scroll of remove curse {unknown}
 g - a scroll of blinking {unknown}
 h - a scroll of magic mapping {unknown}
 j - 2 scrolls of fog {unknown}
 l - a scroll of identify {unknown}
Potions
 i - 3 potions of brilliance {unknown}
Comestibles
 f - 4 rations


   Skills:
 + Level 2.8 Fighting
 * Level 6.4 Bows
 - Level 1.5 Dodging
 - Level 0.6 Stealth


You had 2 spell levels left.
You didn't know any spells.
Your spell library was empty.

Dungeon Overview and Level Annotations

Branches:
Dungeon (2/15)

Altars:


Innate Abilities, Weirdness & Mutations

You have hooves in place of feet.
Armour fits poorly on your strangely shaped body.
You cover ground very quickly.
You have extremely tough skin. (AC +3)


Message History

You are too injured to fight recklessly!
You are too injured to fight recklessly!
You closely miss the goblin. Your kick misses the goblin.
You feel sick. The adder bites you. The goblin hits you. The adder bites you.
* * * LOW HITPOINT WARNING * * *
You hit the goblin but do no damage.
* * * LOW HITPOINT WARNING * * *
You feel sick. The goblin hits you.
* * * LOW HITPOINT WARNING * * *
The adder barely misses you.
You hit the goblin.
The goblin is moderately wounded.
* * * LOW HITPOINT WARNING * * *
You feel sick. The adder barely misses you.
The goblin hits you but does no damage. The adder closely misses you.
You closely miss the adder.
The adder is heavily wounded.
* * * LOW HITPOINT WARNING * * *
You feel sick. The goblin hits you but does no damage. The adder bites you.
You die...

#.#.# #.......
#.#รท######.......
#.#>.............
#.########.######
#.#### #.# #....##
#.# #.....# #.#
###.....## #.#
#.@......# #.#
#....Sg#..#...##.#
####..........##.#
...#......#..
#.............
#.............
#...#......#.. #..
....[...


You could see an adder and a goblin.

Vanquished Creatures
  2 worms (D:2)
  A dart slug (D:2)
  A leopard gecko (D:1)
  3 giant cockroaches (D:2)
  7 goblins
  5 hobgoblins
  5 kobolds
  6 bats
  2 frilled lizards (D:2)
  8 rats
40 creatures vanquished.

Notes
Turn   | Place    | Note
-------+----------+-------------------------------------------
     0 | D:1      | Bluestream the Centaur Hunter began the quest for the Orb.
     0 | D:1      | Reached XP level 1. HP: 17/17 MP: 1/1
   221 | D:1      | Reached XP level 2. HP: 24/24 MP: 2/2
  1075 | D:2      | Reached skill level 6 in Bows
  1102 | D:2      | Reached XP level 3. HP: 30/30 MP: 3/3
  1529 | D:2      | Slain by an adder

Levels and vault maps discovered:
D:1:      lemuel_arrival_river_bridge, layout_basic, minmay_3d_cube
D:2:      layout_basic, minmay_misc_feat_plants, serial_bayou_pond_a

Skill      XL: |  1  2 |
---------------+-------+-----
Bows           | 6 |  6.4
Fighting       | |  2.8
Dodging        | |  1.5
Stealth        | |  0.6

Action                   || total
-------------------------++-------
Melee: Shortbow          ||     8
       Short sword       ||    41
       Kick              ||    10
 Fire: Shortbow          ||   104
  Eat: Chunk             ||     1
Armor: Leather armour    ||    44
Dodge: Dodged            ||    35
